 Dungeon Crawl Stone Soup version 0.27-a0-1325-g58a489ad9e (webtiles) character file.

Game seed: 6798048680692189293

9 Sobieck the Ducker (level 2, -2/14 HPs)
             Began as a Felid Monk on June 25, 2021.
             Slain by a kobold (3 damage)
             ... on level 1 of the Dungeon.
             The game lasted 00:00:40 (164 turns).

Sobieck the Ducker (Felid Monk)                      Turns: 164, Time: 00:00:40

Health: -2/14      AC:  1    Str:  7    XL:     2   Next: 6%
Magic:  3/3        EV: 19    Int: 11    God:
Gold:   35         SH:  0    Dex: 18    Spells: 1/1 levels left
                                        Lives:  0   Deaths: 0

rFire    . . .     SeeInvis +     - Unarmed
rCold    . . .     Faith    .   (shield unavailable)
rNeg     . . .     Spirit   .   (armour unavailable)
rPois    .         Reflect  .   (helmet unavailable)
rElec    .         Harm     .   (cloak unavailable)
rCorr    .         Rampage  .   (gloves unavailable)
Will     .....                  (boots unavailable)
Stlth    +++.......             (no amulet)
HPRegen  0.04/turn              (no ring)
MPRegen  0.08/turn              (no ring)

@: lethally poisoned (-2 -> -6), quick
A: very small, claws 1, fangs 3, see invisible, speed 1, shaggy fur 1, stealthy
paws, no weapons or thrown items, no armour, multi-lived
a: no special abilities


You were on level 1 of the Dungeon.
You visited 1 branch of the dungeon, and saw 2 of its levels.

You collected 35 gold pieces.


Innate Abilities, Weirdness & Mutations

You have sharp claws.
You have razor-sharp teeth.
You have supernaturally acute eyesight. (SInv)
You cover ground quickly. (Speed+)
You are covered in fur. (AC +1)
Your paws help you pounce on unaware monsters.
You are incapable of wielding weapons or throwing items.
You cannot wear armour.
You gain extra lives every three experience levels.


   Skills:
 + Level 3.1 Fighting
 + Level 4.1 Dodging
 * Level 3.2 Stealth
 + Level 3.1 Unarmed Combat


You had one spell level left.
You didn't know any spells.
Your spell library was empty.

Inventory:

Scrolls
 a - a scroll of teleportation {unknown}
Potions
 b - a potion of cancellation {unknown}
 c - a potion of degeneration {unknown}

Dungeon Overview and Level Annotations

Branches:
Dungeon (2/15)

Altars:

...............
...).....l.....
...............
................#######
......#'#######..........
......#w## #..........
..... #..# #..........
##### ##K# #..........
#@## #..........
######..#####..........
........................
####...#..####..........
#...##.## #..........
#..(##..# #.####.....
###.......###.# #.....
.............# #####.
##........##.### #.


You could see a dart slug and a kobold.


Message History

(D) Dungeon
Where to? (Enter - D:2, ? - help)
There is a stone staircase leading down here.
You climb downwards.
A ball python comes into view.
The ball python hisses angrily.
There is a stone staircase leading up here.
You climb upwards.
There is a stone staircase leading down here.
You now have 10 gold pieces.
b - a bubbling golden potion You now have 23 gold pieces (gained 13).
There is an escape hatch in the floor here.
You now have 35 gold pieces (gained 12).
c - a dark potion You open the door.
A bat, an endoplasm, a goblin and a kobold come into view.
A goblin and a hobgoblin come into view.
The goblin is wielding a +1 dagger of venom.
The kobold shouts!
The goblin shouts!
There is an open door here.
The endoplasm quivers.
The bat closely misses you.
A frilled lizard comes into view.
You barely miss the bat. The bat closely misses you. The endoplasm hits you.
The kobold closely misses you.
The goblin completely misses you. 😕 HP[-2]
You take 2 damage, and now have 8/10 hp.
There is an open door here.
You scratch the hobgoblin. The hobgoblin misses you.
You completely miss the hobgoblin. The hobgoblin completely misses you.
You barely miss the hobgoblin. The hobgoblin completely misses you.
You scratch the hobgoblin. You scratch the hobgoblin.
You kill the hobgoblin!
The bat closely misses you.
Your Stealth skill increases to level 3!
You closely miss the bat. The bat completely misses you. x2
You scratch the bat. The bat barely misses you. x2
You barely miss the bat. The bat misses you.
You scratch the bat. You bite the bat.
You kill the bat!
You scratch the endoplasm. The endoplasm misses you.
You scratch the endoplasm. The endoplasm freezes you.
You are frozen. 😮 HP[-2]
You take 2 damage, and now have 6/10 hp.
You are too injured to fight recklessly!
You are too injured to fight recklessly!
You are too injured to fight recklessly!
Unknown command.
You scratch the endoplasm.
You kill the endoplasm!
You barely miss the goblin. The goblin hits you with a +0 club.
* * * LOW HITPOINT WARNING * * *
😨 HP[-2]
You take 2 damage, and now have 4/10 hp.
You barely miss the goblin. Your bite misses the goblin.
The goblin closely misses you. 😨 HP[+1] Unknown command.
You scratch the goblin.
You kill the goblin!
The frilled lizard hisses.
You have reached level 2! 😨 HP[+2] MP[+1]
You now have 14 max hp (+4).
You regained 2 hp, and now have 7/14 hp.
Your mp is fully restored (3).
You scratch the frilled lizard. Your bite misses the frilled lizard.
The frilled lizard closely misses you.
You scratch the frilled lizard but do no damage.
The frilled lizard barely misses you.
A dart slug comes into view.
You scratch the frilled lizard.
You kill the frilled lizard!
You barely miss the goblin. You barely miss the goblin.
The goblin hits you with a +1 dagger of venom.
* * * LOW HITPOINT WARNING * * *
You are lethally poisoned! 😨 HP[-2]
You take 2 damage, and now have 5/14 hp.
You scratch the goblin.
You kill the goblin!
* * * LOW HITPOINT WARNING * * *
You feel sick. 😱 HP[-2]
You take 2 damage, and now have 3/14 hp.
You scratch the kobold but do no damage.
* * * LOW HITPOINT WARNING * * *
You feel sick. The kobold closely misses you. 😱 HP[-1]
You take 1 damage, and now have 2/14 hp.
You scratch the kobold but do no damage.
* * * LOW HITPOINT WARNING * * *
You feel sick. The kobold hits you with a +0 whip.
You die...

Skill      XL: |  1 |
---------------+----+-----
Stealth        | 3 |  3.2
Fighting       | |  3.1
Dodging        | |  4.1
Unarmed Combat | |  3.1

Action                   || total
-------------------------++-------
Melee: Unarmed           ||    26
       Bite              ||     1
 Stab: Sleeping          ||     2
Dodge: Dodged            ||    18

Levels and vault maps discovered:
D:1:      lightli_arrival_isolated_outpost, layout_basic,
          lexackson_kobold_supper
D:2:      layout_rooms, serial_bayou_pond_d

Notes
Turn   | Place    | Note
-------+----------+-------------------------------------------
     0 | D:1      | Sobieck the Felid Monk began the quest for the Orb.
     0 | D:1      | Reached XP level 1. HP: 10/10 MP: 2/2
     0 | D:1      | magus.rc [v1.9.6]
   147 | D:1      | Reached skill level 3 in Stealth
   157 | D:1      | Reached XP level 2. HP: 7/14 MP: 3/3
   162 | D:1      | HP: 3/14 [poisoned by a goblin]
   164 | D:1      | HP: 1/14 [poisoned by a goblin]
   164 | D:1      | Slain by a kobold

Vanquished Creatures
  A bat (D:1)
  2 endoplasms (D:1)
  2 goblins (D:1)
  2 hobgoblins (D:1)
  A frilled lizard (D:1)
8 creatures vanquished.

Table legend:
 A = Non-vault XP
 B = Vault XP
 C = Vault XP percentage of total XP
 D = Non-vault monster count
 E = Vault monster count
 F = Vault count percentage of total count
                 A         B        C        D         E       F
            +---------+---------+-------+---------+---------+-------
      Total |      14 |       0 |   0.0 |       8 |       0 |   0.0
            +---------+---------+-------+---------+---------+-------
        D:1 |      14 |       0 |   0.0 |       8 |       0 |   0.0
            +---------+---------+-------+---------+---------+-------

Illustrated notes

Table legend:
 A = Kills in this place as a percentage of kills in entire the game.
 B = Kills by you in this place as a percentage of kills by you in the entire game.
 C = Kills by friends in this place as a percentage of kills by friends in the entire game.
 D = Other kills in this place as a percentage of other kills in the entire game.
 E = Experience gained in this place as a percentage of experience gained in the entire game.
 F = Experience gained in this place divided by the number of levels of this place that you have seen.
                   A       B       C       D       E      F
               +-------+-------+-------+-------+-------+----------------------
         Total | 100.0 | 100.0 |   N/A |   N/A | 100.0 |   7.0
       Dungeon | 100.0 | 100.0 |   N/A |   N/A | 100.0 |   7.0
               +-------+-------+-------+-------+-------+----------------------

Table legend: (Time is in decaauts)
 A = Elapsed time spent in this place.
 B = Non-inter-level travel time spent in this place.
 C = Inter-level travel time spent in this place.
 D = Time resting spent in this place.
 E = Time spent auto-exploring this place.
 F = Levels seen in this place.
 G = Mean time per level.
                   A        B        C        D        E       F      G
               +--------+--------+--------+--------+--------+-----+--------+
         Total |    137 |    132 |      5 |      0 |     82 |   2 |   68.5 |
       Dungeon |    137 |    132 |      5 |      0 |     82 |   2 |   68.5 |
               +--------+--------+--------+--------+--------+-----+--------+

Top non-repeatable levels by time:
     D:1: 135 daAuts
     D:2: 1 daAuts
